 Dungeon Crawl Stone Soup version 0.29.1 (webtiles) character file.

Game seed: 2951414929588665189

951 mtoz the Covered (level 7, 0/64 HPs)
             Began as a Minotaur Fighter on Sept 13, 2022.
             Was an Initiate of Okawaru.
             Slain by an ogre
             ... wielding a +0 giant club
              (24 damage)
             ... on level 5 of the Dungeon.
             The game lasted 00:10:35 (5157 turns).

mtoz the Covered (Minotaur Fighter)                 Turns: 5157, Time: 00:10:36

Health: 0/64       AC: 14    Str: 22    XL:     7   Next: 90%
Magic:  6/6        EV:  9    Int:  5    God:    Okawaru [......]
Gold:   297        SH:  6    Dex: 16    Spells: 6/6 levels left

rFire   . . .      SeeInvis .   a - +0 war axe
rCold   . . .      Faith    .   c - +0 buckler
rNeg    + . .      Spirit   .   C - +0 chain mail
rPois   .          Reflect  .   y - +0 hat
rElec   .          Harm     .   e - +0 cloak
rCorr   .          Rampage  .   w - +2 pair of gloves
Will    .....                   (no boots)
Stlth   ..........              (no amulet)
HPRegen 0.20/turn               k - +6 ring of dexterity
MPRegen 0.10/turn               p - ring of positive energy

@: no status effects
A: horns 2, retaliatory headbutt
a: Renounce Religion


You were on level 5 of the Dungeon.
You worshipped Okawaru.
Okawaru was noncommittal.
You visited 2 branches of the dungeon, and saw 6 of its levels.

You collected 297 gold pieces.

Inventory:

Hand Weapons
 a - a +0 war axe (weapon)
 q - a +0 halberd
 B - a +0 mace
 G - a +2 flail of protection
Armour
 b - a +0 scale mail
 c - a +0 buckler (worn)
 e - a +0 cloak (worn)
 w - a +2 pair of gloves (worn)
 y - a +0 hat (worn)
 C - a +0 chain mail (worn)
Jewellery
 k - a +6 ring of dexterity (left hand)
 p - a ring of positive energy (right hand)
Wands
 s - a wand of flame (12)
Scrolls
 f - 3 scrolls of teleportation {unknown}
 h - 3 scrolls of silence {unknown}
 l - a scroll of fog {unknown}
 m - 2 scrolls of vulnerability {unknown}
 o - a scroll of enchant weapon {unknown}
 r - a scroll of immolation {unknown}
 t - 3 scrolls of enchant armour {unknown}
 x - a scroll of fear {unknown}
 F - a scroll of noise {unknown}
Potions
 d - 3 potions of might
 g - a potion of mutation
 i - a potion of ambrosia
 j - 2 potions of attraction
 n - 2 potions of curing
 u - 3 potions of haste {unknown}
 v - 3 potions of flight {unknown}
 z - a potion of cancellation {unknown}
 A - a potion of brilliance {unknown}
 D - a potion of heal wounds {unknown}
 E - 2 potions of resistance {unknown}
 H - 2 potions of degeneration {unknown}


   Skills:
 * Level 6.3 Fighting
 * Level 5.6 Axes
 * Level 6.4 Armour
 + Level 2.6 Dodging
 * Level 6.2 Shields


You had 6 spell levels left.
You didn't know any spells.
Your spell library contained the following spells:

 Spells                   Type           Power      Damage    Failure   Level
 Sandblast                Erth           0%         2d4       99%         1
 Blink                    Tloc           0%         N/A       100%        2
 Passwall                 Tmut/Erth      0%         N/A       100%        2
 Lesser Beckoning         Tloc           0%         N/A       100%        3
 Mephitic Cloud           Conj/Pois/Air  0%         N/A       100%        3
 Stone Arrow              Conj/Erth      0%         3d7       100%        3
 Airstrike                Air            0%         2d(0-16)  100%        4
 Lightning Bolt           Conj/Air       0%         1d11      100%        5
 Manifold Assault         Tloc           0%         N/A       100%        5
 Maxwell's Capacitive Co  Air            0%         ∞         100%        8


Dungeon Overview and Level Annotations

Branches:
Dungeon (5/15)             Temple (1/1) D:5

Altars:
Ashenzari
Cheibriados
Dithmenos
Gozag
Kikubaaqudgha
Okawaru
Sif Muna
Trog
Uskayaw
Vehumet
Xom
Zin
The Shining One

Shops:
D:2 !

Annotations:
D:5 1 runed translucent door, sanka's ghost, novice DrTm


Innate Abilities, Weirdness & Mutations

You have a pair of horns on your head.
You reflexively headbutt those who attack you in melee.


Message History

The quasit claws you but does no damage. x2
Eustachio hits you with a +2 falchion of protection.
You miss Eustachio.
Eustachio is severely wounded.
You miss the quasit. The quasit barely misses you. You furiously retaliate!
You headbutt the quasit!
You kill the quasit!
The quasit disappears in a puff of smoke!
Eustachio casts a spell.
Eustachio blinks!
You slash Eustachio!
Eustachio is almost dead.
You miss the quokka.
The quokka bites you but does no damage.
Eustachio gestures wildly while chanting.
The quokka bites you but does no damage.
You hit Eustachio.
You kill Eustachio!
Okawaru accepts your kill.
The bat disappears in a puff of smoke!
The quokka disappears in a puff of smoke! x2
There is a stone staircase leading up, spattered with blood here.
Things that are here:
a +2 falchion of protection; a +0 leather armour You climb upwards.
The ogre hits you with a +0 giant club!!
There is a stone staircase leading down, spattered with blood here.
The ogre closely misses you. You furiously retaliate!
You headbutt the ogre.
You climb downwards.
Level annotation: 1 runed translucent door, sanka's ghost, novice DrTm
There is a stone staircase leading up, spattered with blood here.
Things that are here:
a +0 leather armour; a +2 falchion of protection You slash the ogre!
The ogre is heavily wounded.
The ogre barely misses you.
You slash the ogre!
The ogre is almost dead.
The ogre hits you with a +0 giant club!!
You die...

## .. #######
####.####### .......
#..........# #######
#.##.# # #@##.####.#
## #.O.......# #.
####.############.
.#.#####...........##.
............##........
...#####.##.##.###.##.
#.##.##.# #.#..
#.##....# #....
#.#########....


You could see an ogre.

Vanquished Creatures
  Eustachio (D:5)
  Edmund (D:5)
  An ice beast (D:5)
  3 phantoms
  A scorpion (D:4)
  An orc priest (D:5)
  A hound (D:4)
  An iguana (D:5)
  Ijyb (D:3)
  An orc wizard (D:5)
  Robin (D:4)
  9 adders
  2 worms
  5 dart slugs
  3 orcs
  5 bats
  7 endoplasms
  5 giant cockroaches
  15 goblins
  9 hobgoblins
  2 jackals (D:1)
  10 kobolds
  2 quokkas
  4 ball pythons
  6 frilled lizards
  3 rats
100 creatures vanquished.

Vanquished Creatures (others)
  An orc (D:5)
1 creature vanquished.

Grand Total: 101 creatures vanquished

Notes
Turn   | Place    | Note
-------+----------+-------------------------------------------
     0 | D:1      | mtoz the Minotaur Fighter began the quest for the Orb.
     0 | D:1      | Reached XP level 1. HP: 19/19 MP: 0/0
   431 | D:1      | Reached XP level 2. HP: 14/27 MP: 1/1
  1028 | D:1      | Reached XP level 3. HP: 32/33 MP: 2/2
  1041 | D:1      | Found a faded altar of an unknown god.
  1829 | D:2      | Reached XP level 4. HP: 40/40 MP: 3/3
  2034 | D:2      | Found Saxt's Distillery.
  2560 | D:3      | Noticed Ijyb
  2576 | D:3      | Killed Ijyb
  2840 | D:3      | Reached XP level 5. HP: 47/47 MP: 4/4
  2974 | D:3      | Found an opulent altar of Gozag.
  3032 | D:3      | Got the Quarto of the Atmosphere
  3354 | D:4      | Noticed a phantom
  3362 | D:4      | Killed a phantom
  3363 | D:4      | Reached skill level 1 in Dodging
  3432 | D:4      | Reached skill level 5 in Fighting
  3432 | D:4      | Reached skill level 5 in Armour
  3432 | D:4      | Reached skill level 5 in Shields
  3432 | D:4      | Reached XP level 6. HP: 52/56 MP: 5/5
  3475 | D:4      | Found a radiant altar of Vehumet.
  3491 | D:4      | Noticed Robin
  3501 | D:4      | Killed Robin
  3917 | D:4      | Found a shimmering blue altar of Sif Muna.
  4232 | D:5      | Entered Level 5 of the Dungeon
  4232 | D:5      | Noticed Eustachio
  4234 | D:5      | Noticed Edmund
  4420 | D:5      | Noticed a +0 hand axe
  4424 | D:5      | Noticed a +0 hand axe
  4427 | D:5      | Found a hide-covered altar of Uskayaw.
  4502 | D:5      | Killed Edmund
  4503 | D:5      | Reached XP level 7. HP: 46/61 MP: 6/6
  4660 | D:5      | Reached skill level 5 in Axes
  4681 | D:5      | Found a staircase to the Ecumenical Temple.
  4720 | D:5      | Found a runed translucent door.
  4720 | D:5      | Noticed sanka's ghost (novice DrTm)
  4829 | Temple   | Entered the Ecumenical Temple
  5038 | Temple   | Became a worshipper of Warmaster Okawaru
  5150 | D:5      | Killed Eustachio
  5157 | D:5      | Slain by an ogre

Illustrated notes

Levels and vault maps discovered:
D:1:      dpeg_arrival_brainrot, layout_basic,
          ebering_ecumenical_altar_petrified, minmay_misc_feat_tower,
          minmay_hexomino_u4
D:2:      layout_basic, serial_shops, nicolae_square_shop
D:3:      layout_loops_ring, nicolae_gozag_cash_rules_everything_around_me,
          hangedman_decor_points, uniq_ijyb
D:4:      layout_basic, mainiacjoe_overflow_small_starburst,
          amcnicky_altar_gilded, nrook_campfire,
          nicolae_concentric_dashed_squares_mild, nicolae_elevator_lobby_plus,
          uniq_robin
D:5:      layout_loops_ring, dancing_weapons_uskayaw, nicolae_ru_path_of_blood,
          nicolae_wu_jian_immortal_techniques, lemuel_temple_firewalk_b,
          hellmonk_ghost_happy_afterlife, minmay_between, uniq_eustachio,
          uniq_crazy_yiuf_cottage, uniq_edmund
Temple:   nicolae_temple_cloud_nine

Skill      XL: |  1  2  3  4  5  6  7 |
---------------+----------------------+-----
Fighting       | 4 5 6 |  6.3
Shields        | 4 5 6 |  6.2
Armour         | 4 5 6 |  6.4
Axes           | 3 4 5 |  5.6
Dodging        | 1 2 |  2.6

Action                   |  1- 3 |  4- 6 |  7- 9 || total
-------------------------+-------+-------+-------++-------
Melee: War axe           |    88 |   106 |    54 ||   248
       Headbutt          |     7 |    25 |    10 ||    42
Evoke: Wand              |       |     1 |       ||     1
  Use: Scroll            |       |       |     4 ||     4
Armor: Scale mail        |    54 |    33 |       ||    87
       Chain mail        |       |    22 |    42 ||    64
Dodge: Dodged            |    39 |    63 |    20 ||   122
Block: Buckler           |    14 |    37 |    14 ||    65
